 Dungeon Crawl Stone Soup version 0.24.1-11-gbbbb2193e6 (webtiles) character file.

Game seed: 12622288142143684252, levelgen mode: deterministic

300 Peloso the Covered (level 6, -12/48 HPs)
             Began as a Demonspawn Fighter on May 10, 2020.
             Was an Initiate of Okawaru.
             Mangled by an ogre
             ... wielding a +0 giant club
              (13 damage)
             ... on level 4 of the Dungeon.
             The game lasted 00:05:24 (3282 turns).

Peloso the Covered (Demonspawn Fighter)             Turns: 3282, Time: 00:05:25

Health: -12/48     AC: 12    Str: 18    XL:     6   Next: 13%
Magic:  0/6        EV:  4    Int: 10    God:    Okawaru [......]
Gold:   159        SH:  9    Dex: 12    Spells: 5/5 levels left

rFire    . . .     SeeInvis .   a - +0 long sword
rCold    . . .     Gourm    .   c - +0 shield
rNeg     + . .     Faith    .   o - +0 plate armour
rPois    .         Spirit   +   (helmet restricted)
rElec    .         Reflect  .   (no cloak)
rCorr    .         Harm     .   (no gloves)
MR       .....     Clarity  +   m - +0 pair of boots
Stlth    ..........             (no amulet)
HPRegen  0.16/turn              e - ring of positive energy
MPRegen  0.10/turn              (no ring)

@: lightly drained
A: horns 1, clarity, nightstalker 2, sense surroundings 1, magic shield, sturdy
frame 1
a: Renounce Religion


You were on level 4 of the Dungeon.
You worshipped Okawaru.
Okawaru was noncommittal.
You were not hungry.

You visited 2 branches of the dungeon, and saw 5 of its levels.

You collected 159 gold pieces.

Inventory:

Hand Weapons
 a - a +0 long sword (weapon)
Armour
 b - a +0 scale mail
 c - a +0 shield (worn)
 i - a +0 chain mail
 m - a +0 pair of boots (worn)
 o - a +0 plate armour (worn)
Jewellery
 e - a ring of positive energy (left hand)
Scrolls
 g - a scroll of magic mapping {unknown}
 h - 5 scrolls of teleportation {unknown}
 l - 2 scrolls of identify {unknown}
 n - a scroll of remove curse
Potions
 k - a potion of invisibility
Comestibles
 f - 9 rations


   Skills:
 + Level 3.7(3.6) Fighting
 + Level 3.9 Long Blades
 + Level 4.0 Armour
 + Level 0.3 Dodging
 + Level 0.3(0.2) Stealth
 + Level 3.4 Shields


You had 5 spell levels left.
You didn't know any spells.
Your spell library was empty.

Dungeon Overview and Level Annotations

Branches:
Dungeon (4/15)             Temple (1/1) D:4

Altars:
Fedhas
Gozag
Makhleb
Nemelex Xobeh
Okawaru
Qazlal
Ru
Sif Muna
Uskayaw
Vehumet
Wu Jian
Xom
Yredelemnul
Zin


Innate Abilities, Weirdness & Mutations

You are significantly more attuned to the shadows.
When hurt, damage is shared between your health and your magic reserves.
Your movements are slightly less encumbered by armour. (ER -2)
You have a pair of small horns on your head.
You possess an exceptional clarity of mind.
You passively map a small area around you.


Message History

* * * LOW HITPOINT WARNING * * *
Okay, then.
It was a potion of mutation.
You feel extremely strange.
Your thoughts seem clearer.
A pair of horns grows on your head!
You feel a strange attunement to the structure of the dungeons.
The ogre hits you but does no damage.
It was a potion of magic.
Magic courses through your body. You block the ogre's attack.
The ogre barely misses you.
You riposte.
You hit the ogre.
The ogre is severely wounded.
You block the ogre's attack. The ogre hits you with a +0 giant club.
* * * LOW HITPOINT WARNING * * *
The ogre hits you with a +0 giant club!
* * * LOW HITPOINT WARNING * * *
The ogre hits you with a +0 giant club.
* * * LOW HITPOINT WARNING * * *
The ogre barely misses you. The ogre hits you with a +0 giant club!
You die...

, ........#....# ,,
, * #..>...#.#.# ,
#..# ##.......#.#
.##... *##..####...#
...... ##..######..#
,
......##..#...##..##
,.....#...........##
* *#....#####..####
##.@## ####
,......O....
........$$.
...........
*..###.###.# * ..
#.# ## + , , , , ,,
, ,


You could see an ogre.

Vanquished Creatures
  Sigmund (D:3)
  A centaur skeleton (D:3)
  A bullfrog skeleton (D:4)
  3 adders
  3 oozes
  2 dart slugs
  A leopard gecko (D:1)
  3 bats
  3 giant cockroaches
  5 goblins
  2 hobgoblins
  6 jackals
  A quokka (D:3)
  2 frilled lizards
  4 kobolds
  7 rats
45 creatures vanquished.

Notes
Turn   | Place    | Note
-------+----------+-------------------------------------------
     0 | D:1      | Peloso the Demonspawn Fighter began the quest for the Orb.
     0 | D:1      | Reached XP level 1. HP: 18/18 MP: 1/1
   218 | D:1      | Gained mutation: When hurt, damage is shared between your
                  | health and your magic reserves. [demonic ancestry]
   218 | D:1      | Reached XP level 2. HP: 24/24 MP: 2/2
   353 | D:1      | Reached skill level 3 in Armour
   416 | D:1      | Gained mutation: You are slightly more attuned to the
                  | shadows. [demonic ancestry]
   416 | D:1      | Reached XP level 3. HP: 28/29 MP: 1/3
  1106 | D:2      | Found a sacrificial altar of Ru.
  1107 | D:2      | Found a blossoming altar of Fedhas.
  1263 | D:2      | Found an ornate altar of the Wu Jian Council.
  1274 | D:2      | Found a shimmering blue altar of Sif Muna.
  1758 | D:3      | Reached XP level 4. HP: 22/35 MP: 2/4
  2245 | D:3      | Noticed Sigmund
  2720 | D:3      | Killed Sigmund
  2720 | D:3      | Reached skill level 4 in Armour
  2720 | D:3      | Gained mutation: Your movements are slightly less
                  | encumbered by armour. (ER -2) [demonic ancestry]
  2720 | D:3      | Reached XP level 5. HP: 17/42 MP: 3/5
  2720 | D:3      | Gained mutation: You are significantly more attuned to the
                  | shadows. [demonic ancestry]
  2720 | D:3      | Reached XP level 6. HP: 19/48 MP: 3/6
  3228 | D:4      | Found a staircase to the Ecumenical Temple.
  3239 | Temple   | Entered the Ecumenical Temple
  3245 | Temple   | Became a worshipper of Warmaster Okawaru
  3272 | D:4      | Gained mutation: You possess an exceptional clarity of
                  | mind. [potion of mutation]
  3272 | D:4      | Gained mutation: You have a pair of small horns on your
                  | head. [potion of mutation]
  3272 | D:4      | Gained mutation: You passively map a small area around you.
                  | [potion of mutation]
  3278 | D:4      | HP: 2/48 [ogre/+0 giant club (9)]
  3282 | D:4      | Mangled by an ogre

Levels and vault maps discovered:
D:1:      dpeg_arrival_signposts, layout_loops_ring, hangedman_glass_teeth
D:2:      layout_loops_ring, gammafunk_temple_overflow_pools,
          amethyst_overflow_temple_binary, serial_park_tiny_2
D:3:      layout_basic, uniq_sigmund
D:4:      layout_gridville, kennysheep_mini, minmay_temple_entry_wispy,
          first_ration
Temple:   nicolae_temple_x_marks_the_god

Skill      XL: |  1  2  3  4 |
---------------+-------------+-----
Shields        | 3 |  3.4
Armour         | 3 4 |  4.0
Long Blades    | 2 3 |  3.9
Fighting       | |  3.7
Dodging        | |  0.3
Stealth        | |  0.3

Action                   |  1- 3 |  4- 6 || total
-------------------------+-------+-------++-------
Melee: Long sword        |   109 |    38 ||   147
  Use: Scroll            |     1 |       ||     1
       Potion            |       |     4 ||     4
  Eat: Chunk             |     3 |     2 ||     5
       Ration            |       |     1 ||     1
Armor: Chain mail        |    80 |    13 ||    93
       Scale mail        |     1 |       ||     1
       Plate armour      |       |     5 ||     5
Dodge: Dodged            |    16 |     9 ||    25
Block: Shield            |    54 |    16 ||    70
       Rpst.: Long sword |     8 |     3 ||    11
